 Dungeon Crawl Stone Soup version 0.17-a0-2208-ge5ab1d3 (webtiles) character file.

630 Goblin1989 the Slicer (level 7, -5/40 HPs)
             Began as a Kobold Assassin on Oct 26, 2015.
             Slain by Alipheese's ghost (10 damage)
             ... on level 3 of the Dungeon.
             The game lasted 00:24:00 (4010 turns).

Goblin1989 the Slicer (Kobold Assassin)             Turns: 4010, Time: 00:24:00

Health: -5/40      AC:  4    Str: 10    XL:     7   Next: 77%
Magic:  7/7        EV: 14    Int:  9    God:
Gold:   218        SH:  0    Dex: 19    Spells: 0 memorised, 6 levels left

rFire  . . .     SeeInvis +     b - +0 blowgun
rCold  . . .     Clarity  .     y - +1 robe of Wasted Space {SInv}
rNeg   + . .     SustAt   .     (shield restricted)
rPois  .         Gourm    .     (no helmet)
rElec  .         Spirit   .     d - +0 cloak
rCorr  .         Warding  .     (no gloves)
rMut   .         Stasis   .     (no boots)
MR     .....                    (no amulet)
Stlth  +++++.....               A - ring of positive energy
                                z - ring of wizardry

@: not resistant to hostile enchantments, quite stealthy
A: carnivore 3
a: no special abilities


You were on level 3 of the Dungeon.
You were completely stuffed.

You visited 1 branch of the dungeon, and saw 5 of its levels.

You collected 218 gold pieces.

Inventory:

Hand Weapons
 a - a +1 dagger of venom
 b - a +0 blowgun (weapon)
Missiles
 e - 22 poisoned needles (quivered)
 f - a curare-tipped needle
Armour
 d - a +0 cloak (worn)
 y - the +1 robe of Wasted Space (worn) {SInv}
   (You found it on level 4 of the Dungeon)

   It lets you see invisible.
Jewellery
 z - a ring of wizardry (left hand)
 A - a ring of positive energy (right hand)
Wands
 v - a wand of draining (10)
Scrolls
 j - a scroll of remove curse
 l - a scroll of teleportation {unknown}
 m - a scroll of blinking {unknown}
 n - 3 scrolls of enchant weapon {unknown}
 o - a scroll of immolation {unknown}
 p - 3 scrolls of identify {unknown}
 r - 3 scrolls of noise {unknown}
 s - a scroll of enchant armour {unknown}
 x - a scroll of fear {unknown}
Potions
 h - a potion of invisibility {unknown}
 i - a potion of curing
 k - a potion of degeneration {unknown}
 q - 2 potions of agility {unknown}
 t - a potion of heal wounds {unknown}
 w - a potion of ambrosia {unknown}
Comestibles
 g - 2 meat rations
 u - a beef jerky


   Skills:
 + Level 2.1 Fighting
 * Level 9.0 Short Blades
 - Level 2.1 Throwing
 + Level 1.2 Dodging
 + Level 8.1 Stealth


You had 6 spell levels left.
You didn't know any spells.

Dungeon Overview and Level Annotations

Branches:
Dungeon (5/15)
 Temple: D:4-7

Altars:
Elyvilon
Makhleb
Nemelex Xobeh
Ru
Xom

Annotations:
D:3 Alipheese's ghost, amateur NaGl
D:5 Alipheese's ghost, novice NaGl


Innate Abilities, Weirdness & Mutations

You are small and have problems with some larger weapons.
You are carnivorous and can eat meat at any time.


Message History

You hit Alipheese's ghost but do no damage.
Alipheese's ghost is almost destroyed.
Alipheese's ghost barely misses you.
You hit Alipheese's ghost but do no damage.
Alipheese's ghost is almost destroyed.
You hit Alipheese's ghost but do no damage.
Alipheese's ghost is almost destroyed.
Alipheese's ghost hits you!
* * * LOW HITPOINT WARNING * * *
Alipheese's ghost whispers, "Soon you will have time, lots of time..."
Your +1 dagger of venom stops dripping with poison.
b - a +0 blowgun (weapon)
Fire/throw which item? (* to show all) (? for menu, Esc to quit)
Press: ? - help, Shift-Dir - straight line, f - Alipheese's ghost
Aim: Alipheese's ghost (almost destroyed)
You shoot a curare-tipped needle.
The curare-tipped needle hits Alipheese's ghost.
Alipheese's ghost is almost destroyed.
Alipheese's ghost hits you!
You die...

. #>......... #.
##...[.8.8.
#)#####.##..⌠..
# #.......##
.... #.
##......^.## .##
##. #......†...#
# [..
#.....†....# #
#.#
#..........#$##
#.......@W....#
#...(..........#
##...>....####.#
#.....>..# ..
#..........# <
### #..........#
....
#...)......# #.
#...<......# ##
#........... .#


You could see Alipheese's ghost.

Vanquished Creatures
  Edmund (D:5)
  An ogre (D:4)
  A centaur (D:4)
  A giant frog (D:5)
  Terence (D:4)
  3 hounds
  An iguana (D:4)
  2 worker ants
  3 adders
  An ooze (D:2)
  A worm (D:5)
  4 giant geckos
  4 orcs
  8 bats
  5 giant cockroaches
  3 goblins
  3 hobgoblins
  2 quokkas
  2 ball pythons
  A giant gecko skeleton (D:4)
  6 giant newts
  11 jackals
  8 kobolds
  11 rats
84 creatures vanquished.

Notes
Turn   | Place    | Note
--------------------------------------------------------------
     0 | D:1      | Goblin1989 the Kobold Assassin began the quest for the Orb.
     0 | D:1      | Reached XP level 1. HP: 12/12 MP: 1/1
   163 | D:1      | Reached XP level 2. HP: 17/17 MP: 2/2
   543 | D:1      | Reached XP level 3. HP: 9/21 MP: 3/3
  1315 | D:2      | Reached XP level 4. HP: 26/26 MP: 4/4
  1793 | D:2      | HP: 1/26 [orc/dagger of venom (4)]
  2145 | D:3      | Reached skill level 5 in Short Blades
  2239 | D:3      | Noticed Alipheese's ghost (amateur NaGl)
  2280 | D:4      | Reached skill level 6 in Stealth
  2283 | D:4      | Got an opalescent robe
  2294 | D:4      | Identified the +1 robe of Wasted Space {SInv} (You found it on level 4 of the Dungeon)
  2684 | D:4      | Noticed an ogre
  2696 | D:4      | Killed an ogre
  2696 | D:4      | Reached XP level 5. HP: 30/30 MP: 5/5
  2758 | D:4      | Found a white marble altar of Elyvilon.
  2761 | D:4      | Found a sparkling altar of Nemelex Xobeh.
  2761 | D:4      | Found a shimmering altar of Xom.
  2763 | D:4      | Found a sacrificial altar of Ru.
  2763 | D:4      | Found a burning altar of Makhleb.
  2855 | D:4      | Noticed a centaur
  2863 | D:4      | Killed a centaur
  2863 | D:4      | Reached skill level 7 in Short Blades
  2863 | D:4      | Reached XP level 6. HP: 19/35 MP: 6/6
  3204 | D:3      | Noticed Terence
  3217 | D:4      | Killed Terence
  3292 | D:5      | Entered Level 5 of the Dungeon
  3297 | D:5      | Reached XP level 7. HP: 40/40 MP: 7/7
  3511 | D:5      | Reached skill level 8 in Short Blades
  3748 | D:5      | Noticed Edmund
  3763 | D:5      | Killed Edmund
  3810 | D:5      | Reached skill level 9 in Short Blades
  3887 | D:5      | Noticed Alipheese's ghost (novice NaGl)
  4010 | D:3      | Slain by Alipheese's ghost

Vault maps used:
D:1:      minmay_arrival_diagonal_passages
D:2:      minivault_27
D:3:      fedhas_altar_1, interstate_on_off, hangedman_feature_mirror,
          uniq_crazy_yiuf_cottage, uniq_terence, uniq_iyjb
D:4:      grunt_temple_overflow_open, kennysheep_opposing_triangles
D:5:      lemuel_crystal_altar, first_bread, uniq_edmund

Action                   |  1- 3 |  4- 6 |  7- 9 || total
-------------------------+-------+-------+-------++-------
Melee: Dagger            |   104 |    61 |    67 ||   232
 Fire: Blowgun           |     2 |    11 |    27 ||    40
  Use: Potion            |       |     1 |       ||     1
       Scroll            |       |       |     2 ||     2
 Stab: Sleeping          |    13 |    15 |     5 ||    33
  Eat: Chunk             |     2 |    14 |     2 ||    18
